 Dungeon Crawl Stone Soup version 0.28-a0-247-gb8bfbab023 (webtiles) character file.

Game seed: 8477722844823164423

428 speeev33 the Skirmisher (level 6, -5/57 HPs)
             Began as a Minotaur Berserker on Aug 25, 2021.
             Was a Priest of Trog.
             Succumbed to an orc wizard's poison
             ... on level 4 of the Dungeon.
             The game lasted 00:07:10 (3122 turns).

speeev33 the Skirmisher (Minotaur Berserker)        Turns: 3122, Time: 00:07:11

Health: -5/57      AC: 13    Str: 24    XL:     6   Next: 65%
Magic:  5/5        EV:  7    Int:  4    God:    Trog [***...]
Gold:   218        SH:  0    Dex:  9    Spells: 5/5 levels left

rFire   . . .      SeeInvis .   o - +0 morningstar (venom)
rCold   . . .      Faith    .   (no shield)
rNeg    . . .      Spirit   .   f - +0 plate armour
rPois   .          Reflect  .   (helmet restricted)
rElec   .          Harm     .   (no cloak)
rCorr   +          Rampage  .   (no gloves)
Will    .....                   g - +0 pair of boots
Stlth   ..........              (no amulet)
HPRegen 0.19/turn               k - ring of resist corrosion
MPRegen 0.09/turn               (no ring)

@: lethally poisoned (-5 -> -26)
A: horns 2, retaliatory headbutt
a: Renounce Religion, Berserk, Trog's Hand


You were on level 4 of the Dungeon.
You worshipped Trog.
Trog was most pleased with you.
You visited 1 branch of the dungeon, and saw 4 of its levels.

You collected 218 gold pieces.

Inventory:

Hand Weapons
 o - a +0 morningstar of venom (weapon)
Missiles
 j - 160 stones (quivered)
Armour
 f - a +0 plate armour (worn)
 g - a +0 pair of boots (worn)
Jewellery
 k - a ring of resist corrosion (left hand)
 p - a ring of see invisible
Scrolls
 c - a scroll of enchant armour {unknown}
 i - a scroll of vulnerability {unknown}
 l - a scroll of blinking {unknown}
 m - 4 scrolls of identify {unknown}
 n - a scroll of noise {unknown}
Potions
 a - 3 potions of curing {unknown}
 d - a potion of degeneration {unknown}
 e - a potion of cancellation {unknown}
 h - a potion of berserk rage {unknown}


   Skills:
 + Level 6.0 Fighting
 + Level 3.8 Maces & Flails
 - Level 4.5 Polearms
 + Level 5.2 Armour
 - Level 2.1 Dodging


You had 5 spell levels left.
You didn't know any spells.
Your spell library was empty.

Dungeon Overview and Level Annotations

Branches:
Dungeon (4/15)
 Temple: D:4-7

Altars:
Okawaru


Innate Abilities, Weirdness & Mutations

You have a pair of horns on your head.
You reflexively headbutt those who attack you in melee.


Message History

The orc priest calls upon Beogh to heal the orc wizard.
The orc wizard is healed somewhat.
The orc wizard hits you but does no damage.
You are more poisoned.
The orc completely misses you. You furiously retaliate!
You headbutt the orc!
You kill the orc!
Trog accepts your kill.
The orc priest invokes the aid of Beogh against you.
Beogh smites you!
Your Fighting skill increases to level 6!
You puncture the orc priest!
You kill the orc priest!
Trog accepts your kill.
You feel very sick.
The orc wizard hits you but does no damage.
You are more poisoned.
You feel very sick.
The orc wizard mumbles some strange words.
The orc wizard flickers and vanishes!
Deactivating autopickup; reactivate with Ctrl-A.
Things that are here:
a +0 dagger; an orc corpse You miss something.
You feel very sick. Something hits you but does no damage.
You are more poisoned.
Something hits you but does no damage.
You are lethally poisoned!
You closely miss something.
* * * LOW HITPOINT WARNING * * *
You feel very sick. Something hits you.
* * * LOW HITPOINT WARNING * * *
You are more poisoned.
You miss something.
* * * LOW HITPOINT WARNING * * *
You feel extremely sick. Something hits you but does no damage.
You barely miss something.
You die...

*************
***##########***,,,,,,,,,,,*
*,,.........#,,#........,,,*
*,,.........#,,+..........,*
*,,.........#,,#..........,*
*,,......){@#,,#.........,,*
###############'#####........,,,*
......)....................#***,,
...........................# *,,
...........................# *,,
...........................# *,,
....###################....# *,,
....#,,,,,,*,,,+,,* #....# *,,
....#,,,,,,*,,,*,,* #....# *,,


There were no monsters in sight!

Vanquished Creatures
  A black bear (D:4)
  An elf zombie (D:4)
  A scorpion (D:4)
  2 orc priests
  A human zombie (D:4)
  A human skeleton (D:4)
  2 adders (D:2)
  2 worms
  2 dart slugs
  4 orcs
  4 endoplasms
  3 giant cockroaches
  5 goblins
  3 hobgoblins
  6 jackals
  A quokka (D:2)
  5 ball pythons
  7 bats
  5 frilled lizards (D:2)
  6 kobolds
  3 orc skeletons (D:4)
  6 rats
71 creatures vanquished.

Notes
Turn   | Place    | Note
-------+----------+-------------------------------------------
     0 | D:1      | speeev33 the Minotaur Berserker began the quest for the
                  | Orb.
     0 | D:1      | Reached XP level 1. HP: 19/19 MP: 0/0
   311 | D:1      | Reached XP level 2. HP: 22/27 MP: 1/1
   555 | D:1      | Reached skill level 4 in Fighting
   782 | D:1      | Reached ** piety under Trog
   980 | D:2      | Reached XP level 3. HP: 33/33 MP: 2/2
  1773 | D:2      | Reached XP level 4. HP: 39/41 MP: 3/3
  1994 | D:3      | Reached skill level 1 in Maces & Flails
  2745 | D:4      | Found an iron altar of Okawaru.
  2761 | D:4      | Noticed a scorpion
  2771 | D:4      | Killed a scorpion
  2772 | D:4      | Reached skill level 5 in Fighting
  2772 | D:4      | Reached XP level 5. HP: 42/48 MP: 4/4
  2772 | D:4      | Reached *** piety under Trog
  2847 | D:4      | Noticed a black bear
  2885 | D:4      | Killed a black bear
  2886 | D:4      | Reached XP level 6. HP: 43/56 MP: 5/5
  3004 | D:4      | Found a sand-covered staircase.
  3048 | D:4      | Reached skill level 5 in Armour
  3117 | D:4      | Reached skill level 6 in Fighting
  3121 | D:4      | HP: 2/57 [poisoned by an orc wizard]
  3122 | D:4      | Succumbed to an orc wizard's poison

Illustrated notes

Levels and vault maps discovered:
D:1:      moated_graveyard_arrival, layout_basic, minmay_parallelograms
D:2:      minmay_general_purpose_star, layout_basic, nrook_campfire
D:3:      layout_basic, minivault_14
D:4:      old_forge, layout_gridville,
          mainiacjoe_overflow_concentric_impassable,
          nicolae_ossuary_entry_catacombs, serial_bayou_lake_a

Skill      XL: |  1  2  3  4  5  6 |
---------------+-------------------+-----
Polearms       | 4 |  4.5
Fighting       | 4 5 6 |  6.0
Armour         | 3 4 5 |  5.2
Maces & Flails | 2 3 |  3.8
Dodging        | |  2.1

Action                   |  1- 3 |  4- 6 || total
-------------------------+-------+-------++-------
Melee: Spear             |   107 |       ||   107
       Headbutt          |    16 |    10 ||    26
       Morningstar       |     5 |    80 ||    85
Throw: Stone             |       |     5 ||     5
  Use: Scroll            |       |     1 ||     1
Armor: Plate armour      |    49 |    68 ||   117
       Animal skin       |     1 |       ||     1
Dodge: Dodged            |    25 |    40 ||    65

Table legend: (Time is in decaauts)
 A = Elapsed time spent in this place.
 B = Non-inter-level travel time spent in this place.
 C = Inter-level travel time spent in this place.
 D = Time resting spent in this place.
 E = Time spent auto-exploring this place.
 F = Levels seen in this place.
 G = Mean time per level.
                   A        B        C        D        E       F      G
               +--------+--------+--------+--------+--------+-----+--------+
         Total |   3141 |   2895 |    246 |    368 |   1497 |   4 |  785.2 |
       Dungeon |   3141 |   2895 |    246 |    368 |   1497 |   4 |  785.2 |
               +--------+--------+--------+--------+--------+-----+--------+

Top non-repeatable levels by time:
     D:1: 932 daAuts
     D:2: 931 daAuts
     D:3: 846 daAuts
     D:4: 432 daAuts
